cohdb
Replays
Latest Replays
All Replays
Popular Replays
Top Player Replays
Match Explorer
How It Works
Community
CoH3 Stats
Reddit
Sign in to upload your games and track your stats! →
Sign in with Steam
Match 41061397
Unlisted
Match 41061397
Overview
Messages
Build Orders
End
Construct Infanterie Kompanie
Selects Mechanized Battlegroup
MG 42 Machine Gun Team
Grenadier Squad
Grenadier Squad
GrW 34 Mortar Team
Construct Panzergrenadier Kompanie
Medical Bunker
Selects Mobile Repair Stations
251 Medium Carrier
Selects Raid Package
Kettenkrad Recon Vehicle
Pak 40 Anti-tank Gun Team
Support Elements
MG 42 Bunker
Nebelwerfer 42 Rocket Launcher Team
Construct Panzer Kompanie
Selects StuG Assault Group
Panzergrenadier Squad
Panzer IV Medium Tank
Selects UNKNOWN (2160084)
Selects Wespe Self-propelled Artillery
Panzer IV Medium Tank
Panzer Officer Quarters
Panther Heavy Tank
torbjornuser
hooveric
goldship
카츄사
yapster
HIMYNAMEISHO
waynoss88
Squigergy
0
0
Comments
sign in to comment!
No comments posted yet!